 Dungeon Crawl Stone Soup version 0.28-b1-25-g9875b3fc8c (webtiles) character file.

Game seed: 2566890460331840650

838 Cykl0x the Conjurer (level 7, -2/41 HPs)
             Began as a Gargoyle Conjurer on Feb 2, 2022.
             Was an Initiate of the Shining One.
             Slain by an ice beast (11 damage)
             ... on level 5 of the Dungeon.
             The game lasted 00:12:55 (5349 turns).

Cykl0x the Conjurer (Gargoyle Conjurer)             Turns: 5349, Time: 00:12:55

Health: -2/41      AC: 11    Str: 13    XL:     7   Next: 99%
Magic:  1/12       EV:  9    Int: 18    God:    the Shining One [......]
Gold:   1400       SH:  2    Dex:  8    Spells: 5/12 levels left

rFire   . . .      SeeInvis .   o - +0 falchion
rCold   . . .      Faith    .   e - +0 buckler
rNeg    + . .      Spirit   .   n - +0 scale mail
rPois   ∞          Reflect  .   (no helmet)
rElec   +          Harm     .   (no cloak)
rCorr   .          Rampage  .   (no gloves)
Will    .....                   (no boots)
Stlth   ..........              (no amulet)
HPRegen 0.13/turn               (no ring)
MPRegen 0.13/turn               (no ring)

@: glowing
A: sickness immunity, AC +4, negative energy resistance 1, electricity
resistance, torment resistance 1, petrification resistance
a: Renounce Religion


You were on level 5 of the Dungeon.
You worshipped the Shining One.
The Shining One was noncommittal.
You visited 1 branch of the dungeon, and saw 5 of its levels.

You collected 1400 gold pieces.

Inventory:

Hand Weapons
 d - a +0 short sword
 h - a +1 rapier
 o - a +0 falchion (weapon)
Armour
 a - a +0 robe
 e - a +0 buckler (worn)
 g - a +1 ring mail
 n - a +0 scale mail (worn)
Wands
 m - a wand of polymorph (1)
Scrolls
 b - a scroll of teleportation
 k - a scroll of magic mapping
Potions
 c - 4 potions of heal wounds
 f - a potion of attraction
 i - a potion of brilliance {unknown}
 j - 2 potions of haste {unknown}
 l - a potion of curing {unknown}
 p - a potion of flight {unknown}


   Skills:
 * Level 3.1 Fighting
 - Level 1.7(2.4) Short Blades
 * Level 2.4(2.7) Long Blades
 + Level 4.0 Armour
 + Level 2.3 Dodging
 - Level 2.1 Stealth
 + Level 3.4 Spellcasting
 + Level 5.6 Conjurations
 * Level 2.4 Hexes
 * Level 0.8 Invocations


You had 5 spell levels left.
You knew the following spells:

 Your Spells              Type           Power      Damage    Failure   Level
a - Magic Dart            Conj           92%        1d7       10%         1
b - Searing Ray           Conj           46%        2d6       14%         2
c - Fulminant Prism       Conj/Hex       8%         3d7       87%         4

Your spell library contained the following spells:

 Spells                   Type           Power      Damage    Failure   Level
 Dazzling Flash           Conj/Hex       34%        N/A       47%         3
 Portal Projectile        Hex/Tloc       14%        N/A       86%         3
 Call Canine Familiar     Summ           3%         N/A       95%         3
 Iskenderun's Mystic Bla  Conj/Tloc      13%        2d5       96%         4
 Leda's Liquefaction      Hex/Erth       3%         N/A       99%         4


Dungeon Overview and Level Annotations

Branches:
Dungeon (5/15)
 Temple: D:4-7

Altars:
Xom
The Shining One


Innate Abilities, Weirdness & Mutations

You are immune to sickness and miasma.
Your stone body is resilient. (AC +4)
You are immune to poison.
You resist negative energy. (rN+)
You are resistant to electric shocks. (rElec)
You are resistant to unholy torment.
You are immune to petrification.


Message History

(Press . to maintain the ray.)
The ice beast hits you but does no damage.
The searing ray hits the ice beast.
The ice beast is almost dead.
The ice beast hits you but does no damage.
The searing ray hits the ice beast but does no damage.
The ice beast is almost dead.
The ice beast hits you but does no damage.
Without enough magic to sustain it, your searing ray dissipates.
The ice beast closely misses you.
You hit the ice beast.
The ice beast is almost dead.
The ice beast barely misses you.
You closely miss the ice beast.
The ice beast is almost dead.
The ice beast hits you. The ice beast freezes you!
You closely miss the ice beast.
The ice beast is almost dead.
The ice beast hits you but does no damage.
Your magical contamination has completely faded away.
You barely miss the ice beast.
The ice beast is almost dead.
The ice beast closely misses you.
The ice beast hits you but does no damage.
You closely miss the ice beast.
The ice beast is almost dead.
The ice beast hits you but does no damage.
You hit the ice beast but do no damage.
The ice beast is almost dead.
The ice beast hits you but does no damage.
You hit the ice beast but do no damage.
The ice beast is almost dead.
The ice beast hits you. The ice beast freezes you!
* * * LOW HITPOINT WARNING * * *
You completely miss the ice beast.
The ice beast is almost dead.
You block the ice beast's attack. The ice beast hits you.
* * * LOW HITPOINT WARNING * * *
The ice beast freezes you!
You die...

⌠≈≈...# ≈≈≈...#
≈≈....# .#....#
########......#
#.....).# ....##.
#.......##Y....'.
+.......'@....#
#.......#.....#
####.......#.....#
#..........##....#
...# #....#######
....# ...
#.....[..... ....#
#'# #...........
....#######'####
###...........
................
#.............
#.............


You could see an ice beast.

Vanquished Creatures
  A black bear (D:4)
  A necrophage (D:4)
  An ogre (D:4)
  A centaur (D:4)
  A bullfrog (D:5)
  A scorpion (D:4)
  2 hounds
  A bullfrog skeleton (D:5)
  An orc wizard (D:3)
  A hound skeleton (D:4)
  7 gnolls (D:3)
  6 adders
  An adder skeleton (D:4)
  A worm (D:2)
  2 dart slugs
  18 orcs
  6 endoplasms
  4 giant cockroaches
  3 goblins
  4 hobgoblins
  6 jackals
  4 kobolds
  A quokka (D:4)
  6 ball pythons
  6 bats
  4 frilled lizards
  9 rats
99 creatures vanquished.

Vanquished Creatures (others)
  21 plants (D:2)
21 creatures vanquished.

Grand Total: 120 creatures vanquished

Notes
Turn   | Place    | Note
-------+----------+-------------------------------------------
     0 | D:1      | Cykl0x the Gargoyle Conjurer began the quest for the Orb.
     0 | D:1      | Reached XP level 1. HP: 10/10 MP: 3/3
   321 | D:1      | Reached XP level 2. HP: 15/15 MP: 1/5
   539 | D:1      | Learned a level 2 spell: Searing Ray
  1455 | D:2      | Reached skill level 1 in Armour
  1455 | D:2      | Reached XP level 3. HP: 20/20 MP: 1/6
  1597 | D:2      | Found a shimmering altar of Xom.
  1727 | D:2      | Reached skill level 1 in Fighting
  2093 | D:2      | Identified a scroll of acquirement
  2220 | D:2      | Reached XP level 4. HP: 20/25 MP: 0/7
  2312 | D:2      | Learned a level 4 spell: Fulminant Prism
  2313 | D:2      | Acquired 1176 gold pieces
  2541 | D:3      | Reached skill level 5 in Conjurations
  2583 | D:2      | Reached skill level 1 in Long Blades
  2842 | D:3      | Reached skill level 1 in Hexes
  2842 | D:3      | Reached XP level 5. HP: 29/29 MP: 3/8
  3593 | D:3      | Reached skill level 1 in Short Blades
  3593 | D:3      | Reached XP level 6. HP: 18/35 MP: 10/10
  4193 | D:4      | Noticed a necrophage
  4202 | D:4      | Killed a necrophage
  4203 | D:4      | Reached XP level 7. HP: 40/40 MP: 0/11
  4721 | D:4      | Found a glowing golden altar of the Shining One.
  4766 | D:4      | Became a worshipper of the Shining One
  5026 | D:5      | Entered Level 5 of the Dungeon
  5349 | D:5      | Slain by an ice beast

Illustrated notes

Levels and vault maps discovered:
D:1:      lightli_arrival_noodles, layout_basic
D:2:      layout_rooms, basic_altar, kennysheep_boxes
D:3:      layout_rooms
D:4:      layout_basic, nicolae_tso_carved_into_rock,
          hangedman_decor_clover_reticule
D:5:      layout_basic, minmay_temple_entry_drinking_statues, serial_shops,
          nicolae_shop_temple_entry_statues_fountains, nicolae_shop_self_help

Skill      XL: |  1  2  3  4  5  6  7 |
---------------+----------------------+-----
Armour         | 1 2 3 4 |  4.0
Fighting       | 1 2 3 |  3.1
Conjurations   | 5 |  5.6
Long Blades    | 1 2 |  2.4
Hexes          | 1 2 |  2.4
Short Blades   | 1 |  1.7
Dodging        | 2 |  2.3
Spellcasting   | 3 |  3.4
Stealth        | |  2.1
Invocations    | |  0.8

Action                   |  1- 3 |  4- 6 |  7- 9 || total
-------------------------+-------+-------+-------++-------
Melee: Unarmed           |     5 |       |       ||     5
       Short sword       |    28 |       |       ||    28
       Rapier            |     7 |    84 |     5 ||    96
       Falchion          |       |       |     8 ||     8
 Cast: Magic Dart        |    41 |    43 |    18 ||   102
       Searing Ray       |     9 |    16 |    11 ||    36
  Use: Scroll            |       |     6 |     5 ||    11
       Potion            |       |     2 |       ||     2
Armor: Robe              |    12 |       |       ||    12
       Ring mail         |    17 |   104 |       ||   121
       Scale mail        |       |       |    20 ||    20
Dodge: Dodged            |    26 |    85 |    16 ||   127
Block: Buckler           |       |       |     7 ||     7
